 Dungeon Crawl Stone Soup version 0.31-a0-845-g9abc20d24f (webtiles) character file.

Game seed: 4246881218175155951

47 IcyTea the Conjurer (level 3, -1/26 HPs)
             Began as a Draconian Conjurer on Oct 2, 2023.
             Slain by an iguana (7 damage)
             ... on level 2 of the Dungeon.
             The game lasted 00:06:55 (1270 turns).

IcyTea the Conjurer (Draconian Conjurer)            Turns: 1270, Time: 00:06:56

Health: -1/26      AC:  5    Str: 11    XL:     3   Next: 48%
Magic:  0/6        EV: 12    Int: 18    God:
Gold:   55         SH:  0    Dex:  9    Spells: 3/6 levels left

rFire   . . .        f - +0 flail
rCold   . . .        (no shield)
rNeg    . . .        (body armour unavailable)
rPois   .            (helmet restricted)
rElec   .            (no cloak)
rCorr   .            (no gloves)
SInv    +            (no boots)
Will    .....        j - amulet of regeneration
Stlth   ++           m - ring of see invisible
HPRegen 1.04/turn    (no ring)
MPRegen 0.10/turn

%: no passive effects
@: very slightly contaminated
A: AC +5, unfitting armour, cold-blooded
a: no special abilities


You were on level 2 of the Dungeon.
You visited 1 branch of the dungeon, and saw 2 of its levels.

You collected 55 gold pieces.

Inventory:

Hand Weapons
 f - a +0 flail (weapon)
Jewellery
 j - an amulet of regeneration (around neck)
 m - a ring of see invisible (left hand)
Scrolls
 d - a scroll of vulnerability {unknown}
 e - a scroll of fog {unknown}
 h - a scroll of immolation {unknown}
 i - a scroll of revelation {unknown}
 k - a scroll of enchant armour {unknown}
 l - a scroll of identify {unknown}
Potions
 a - a potion of magic
 b - a potion of lignification {unknown}
 c - 2 potions of invisibility {unknown}
 g - a potion of enlightenment {unknown}


   Skills:
 - Level 1.7 Dodging
 - Level 1.7 Stealth
 - Level 2.0 Spellcasting
 + Level 5.3 Conjurations


You had 3 spell levels left.
You knew the following spells:

 Your Spells              Type           Power      Damage    Failure   Level
a - Magic Dart            Conj           80%        1d7       1%          1
b - Searing Ray           Conj           40%        2d5       3%          2

Your spell library contained the following spells:

 Spells                   Type           Power      Damage    Failure   Level
 Dazzling Flash           Conj/Hex       22%        N/A       19%         3
 Sublimation of Blood     Necr           1%         N/A       26%         2
 Wereblood                Tmut           1%         N/A       26%         2
 Ignite Poison            Fire/Tmut/Pois 1%         N/A       47%         3
 Fulminant Prism          Conj/Hex       5%         3d6       52%         4
 Iskenderun's Mystic Bla  Conj/Tloc      11%        2d4       52%         4
 Sticky Flame             Conj/Fire      11%        2d3       52%         4
 Arcjolt                  Conj/Air       5%         1d15      86%         5
 Vhi's Electric Charge    Tloc/Air       2%         N/A       87%         4
 Summon Hydra             Summ           0%         N/A       100%        7
 Ignition                 Fire           0%         3d3       100%        8
 Maxwell's Capacitive Co  Air            0%         ∞         100%        8


Dungeon Overview and Level Annotations

Branches:
Dungeon (2/15)

Altars:

Shops:
D:1 (


Innate Abilities, Weirdness & Mutations

Your plain brown scales are hard. (AC +5)
You cannot fit into any form of body armour.
You are cold-blooded and may be slowed by cold attacks.


Message History

The iguana bites you.
You closely miss the iguana.
The iguana is heavily wounded.
The iguana bites you.
* * * LOW HITPOINT WARNING * * *
The iguana barely misses you.
You closely miss the iguana.
The iguana is heavily wounded.
The iguana misses you.
Aiming: Magic Dart (safe; 1% risk of failure)
Press: ? - help, Q - select action, (/) - cycle Shift-Dir - straight line, f - iguana
Aim: an iguana (heavily wounded, 100% to hit)
The magic dart hits the iguana.
The iguana is severely wounded.
The iguana hisses menacingly.
The iguana barely misses you.
You barely miss the iguana.
The iguana is severely wounded.
The iguana barely misses you.
Aiming: Magic Dart (safe; 1% risk of failure)
Press: ? - help, Q - select action, (/) - cycle Shift-Dir - straight line, f/p - iguana
Aim: an iguana (heavily wounded, 100% to hit)
You miscast Magic Dart.
You are very lightly contaminated with residual magic.
Nothing appears to happen.
The iguana barely misses you.
You barely miss the iguana.
Your tail-slap misses the iguana.
The iguana is heavily wounded.
The iguana bites you but does no damage.
The iguana bites you.
* * * LOW HITPOINT WARNING * * *
You closely miss the iguana.
Your tail-slap misses the iguana.
The iguana is heavily wounded.
The iguana closely misses you.
You closely miss the iguana.
Your tail-slap misses the iguana.
The iguana is heavily wounded.
The iguana bites you.
* * * LOW HITPOINT WARNING * * *
The iguana bites you!
You die...

#~'..~.~~.......#
#.'~..._#~......# #
#~'..~~.~~......# .##
#.#..~..~.......####..##
..##.~~~##..............
.~.##~#..~~.............
.##.~~~.8~~.............
......####..............
###...~..~......@.......
#.............l.......
#.....................
#...............[.....
#.....................
#.....................
................
...............


You could see an iguana.

Vanquished Creatures
  A gnoll (D:1)
  A dart slug (D:1)
  2 bats (D:1)
  6 endoplasms
  2 giant cockroaches
  5 goblins
  A hobgoblin (D:1)
  4 jackals (D:2)
  2 ball pythons (D:1)
  4 frilled lizards
  A kobold (D:1)
  5 rats (D:1)
  A spectral hobgoblin (D:2)
35 creatures vanquished.

Notes
Turn   | Place    | Note
-------+----------+-------------------------------------------
     0 | D:1      | IcyTea the Draconian Conjurer began the quest for the Orb.
     0 | D:1      | Reached XP level 1. HP: 14/14 MP: 3/3
   259 | D:1      | Reached XP level 2. HP: 20/20 MP: 0/5
   340 | D:1      | Learned a level 2 spell: Searing Ray
   593 | D:1      | Reached skill level 5 in Conjurations
   611 | D:1      | Reached XP level 3. HP: 26/26 MP: 6/6
   744 | D:1      | Found Daonadgh's Antique Weapon Shop.
  1212 | D:2      | Found a faded altar of an unknown god.
  1270 | D:2      | Slain by an iguana

Illustrated notes

Levels and vault maps discovered:
D:1:      nzn_arrival_water_spiral, layout_basic, serial_shops,
          nicolae_shop_behind_doors
D:2:      layout_basic, dreamdust_ecumenical_altar_drowned_temple,
          grunt_ministairs_9

Skill      XL: |  1  2 |
---------------+-------+-----
Conjurations   | 5 |  5.3
Dodging        | |  1.7
Stealth        | |  1.7
Spellcasting   | |  2.0

Action                     || total
---------------------------++-------
  Melee: Mace              ||    17
         Flail             ||    56
         Tailslap          ||     2
   Cast: Magic Dart        ||    41
         Searing Ray       ||     1
   Stab: Sleeping          ||     5
 Armour: Skin              ||    35
  Dodge: Dodged            ||    56

Table legend: (Time is in decaauts)
 A = Elapsed time spent in this place.
 B = Non-inter-level travel time spent in this place.
 C = Inter-level travel time spent in this place.
 D = Time resting spent in this place.
 E = Time spent auto-exploring this place.
 F = Levels seen in this place.
 G = Mean time per level.
                   A        B        C        D        E       F      G
               +--------+--------+--------+--------+--------+-----+--------+
         Total |   1312 |   1272 |     40 |    220 |    591 |   2 |  656.0 |
       Dungeon |   1312 |   1272 |     40 |    220 |    591 |   2 |  656.0 |
               +--------+--------+--------+--------+--------+-----+--------+

Top non-repeatable levels by time:
     D:1: 1020 daAuts
     D:2: 292 daAuts
